[Event "*** Titled Tuesday 3|2 Blitz"]
[Site "Chess.com"]
[Date "2015.08.04"]
[Round "5"]
[White "FairChess_on_YouTube"]
[Black "hansen"]
[Result "1-0"]
[WhiteElo "2729"]
[BlackElo "2486"]
[TimeControl "180+2"]
[EndTime "12:33:08 PDT"]
[Termination "FairChess_on_YouTube won by resignation"]

1. e4 c5 2. Ne2 Nc6 3. Nbc3 e6 4. g3 a6 5. Bg2 Qc7 6. O-O Nf6 7. d3 Be7 8. Kh1 d6 9. h3 b5 10. Be3 Bb7 11.
f4 Rd8 12. g4 d5 13. exd5 Nxd5 14. Nxd5 exd5 15. Ng3 O-O 16. g5 Bxg5 17. fxg5 Qxg3 18. Bxc5 Rfe8 19. Qf3 Qxf3 20. Rxf3 d4 21. Rf4 Re5 22.
b4 Rxg5 23. Be4 Rd7 24. Kh2 g6 25. Re1 Kg7 26. h4 Rxc5 27. bxc5 f5 28. Bxc6 Bxc6 29. Re6 1-0

[Event "*** Titled Tuesday 3|2 Blitz"]
[Site "Chess.com"]
[Date "2015.08.04"]
[Round "5"]
[White "AnthonyWirig"]
[Black "1stSecond"]
[Result "0-1"]
[WhiteElo "2498"]
[BlackElo "2370"]
[TimeControl "180+2"]
[EndTime "12:33:08 PDT"]
[Termination "1stSecond won by resignation"]

1. e4 e5 2. Nf3 Nc6 3. Bb5 a6 4. Ba4 Nge7 5. O-O g6 6. c3 Bg7 7. d4 exd4 8. cxd4 b5 9. Bb3 O-O 10. Nc3 Na5 11. Bg5 h6 12. Bh4 Nxb3 13. axb3 Bb7 14. d5 g5 15. Bg3 f5 16. Be5 fxe4 17. Bxg7 Kxg7 18. Qd4+ Kg8 19. Qxe4 Nf5 20. Ne5 Qe7 21. Rae1 Rae8 22. Qg4 Qg7 23. f4 b4 24. Na4 Bxd5 25. h4 d6 26. fxg5 Rxe5 27. Rxe5 Qxe5 28. gxh6+ Kh7 29. h5 Rf6 30. Rxf5 Rxf5 31.
Qg7+ 0-1

[Event "*** Titled Tuesday 3|2 Blitz"]
[Site "Chess.com"]
[Date "2015.08.04"]
[Round "5"]
[White "pedromartinez91"]
[Black "fpawn"]
[Result "1-0"]
[WhiteElo "2129"]
[BlackElo "2098"]
[TimeControl "180+2"]
[EndTime "12:33:26 PDT"]
[Termination "pedromartinez91 won by resignation"]

1. a3 d5 2. d4 c6 3. Nf3 Bg4 4. Ne5 Bh5 5. c4 e6 6. Qb3 Qb6 7. Qh3 Nf6 8. c5 Qd8 9. g4 Bg6 10. g5 Bf5 11. Qb3 Nfd7 12. Qxb7 Nxe5 13. Qxa8 Nc4 14.
Bf4 e5 15. Bg3 Be7 16. b3 Na5 17. Nd2 Bxg5 18. e3 O-O 19. Bxe5 Nd7 20. Qxd8 Bxd8 21.
Bd6 Re8 22. Ba6 Bf6 23. O-O-O Nf8 24. b4 Nc4 25. Nxc4 dxc4 26. Bxc4 Ne6 27. f3 Ng5 28. e4 Bg6 29. e5 Bd8 30. f4 Ne4 31. h4 Nf2 32. h5 Bf5 33. h6 g6 34. b5 Nxh1 35. Rxh1 Bd7 36. bxc6 Bxc6 37. d5 Bd7 38. c6 Bf5 39. c7 Bxc7 40. Bxc7 1-0

[Event "*** Titled Tuesday 3|2 Blitz"]
[Site "Chess.com"]
[Date "2015.08.04"]
[Round "5"]
[White "Tal-Baronfew"]
[Black "Zlatan56"]
[Result "1-0"]
[WhiteElo "2750"]
[BlackElo "2453"]
[TimeControl "180+2"]
[EndTime "12:33:33 PDT"]
[Termination "Tal-Baronfew won by resignation"]

1. d4 Nf6 2. c4 g6 3. Nc3 Bg7 4.
Nf3 O-O 5. e4 d6 6. h3 Na6 7.
Be3 Qe8 8. Be2 e5 9. d5 Nd7 10. a3 f5 11. b4 Nf6 12. Rc1 Bd7 13. Qb3 Kh8 14. c5 f4 15. Bd2 dxc5 16. Bxa6 bxa6 17. bxc5 Rb8 18. Qc4 Bb5 19. Nxb5 Qxb5 20. O-O Nd7 21. Rfd1 Bf6 22. Qxb5 Rxb5 23. a4 Rb3 24. Ba5 Rc8 25. Nd2 Ra3 26. Rc4 Be7 27.
d6 Bd8 28. c6 Nb6 29. d7 Rb8 30. Rc5 Bf6 31. Bc3 Nxa4 32. Bxe5 Kg7 33. Ra5 Rd8 34. Nc4 Ra2 35. Bxc7 1-0

[Event "*** Titled Tuesday 3|2 Blitz"]
[Site "Chess.com"]
[Date "2015.08.04"]
[Round "5"]
[White "Fawolizzo"]
[Black "Gergo85"]
[Result "0-1"]
[WhiteElo "1896"]
[BlackElo "2320"]
[TimeControl "180+2"]
[EndTime "12:33:41 PDT"]
[Termination "Gergo85 won on time"]

1. d4 g6 2. c4 Bg7 3. Nf3 c5 4. g3 cxd4 5. Nxd4 Nc6 6. Nxc6 bxc6 7. Bg2 Nf6 8. O-O O-O 9. Nc3 Rb8 10. Qa4 Qb6 11. Bf4 d6 12. Bxc6 Bh3 13. Rfb1 Ng4 14. c5 Qxc5 15. Ne4 Qd4 16. Qxd4 Bxd4 17. e3 Bxb2 18. Ng5 Bxa1 19. Rxa1 e5 20. Nxh3 exf4 21. Nxf4 Rb2 22. Nd3 Rd2 23. Bb5 Rb8 24. Bc4 d5 25. Ba6 Rb6 26. Nc5 Nxf2 27. Bf1 Ng4 28. e4 Nxh2 29.
exd5 Nf3+ 0-1

[Event "*** Titled Tuesday 3|2 Blitz"]
[Site "Chess.com"]
[Date "2015.08.04"]
[Round "5"]
[White "NowInChess"]
[Black "Bab3s"]
[Result "0-1"]
[WhiteElo "1952"]
[BlackElo "2124"]
[TimeControl "180+2"]
[EndTime "12:33:49 PDT"]
[Termination "Bab3s won by checkmate"]

1. e4 e5 2. Bc4 Nc6 3. Nc3 Nf6 4. d3 Bc5 5. f4 d6 6. Nf3 O-O 7. f5 Nd4 8. Bg5 c6 9. a3 Re8 10. Qd2 d5 11. exd5 Bxf5 12. O-O-O b5 13. Ba2 b4 14. axb4 Bxb4 15. Rhe1 Qa5 16. Kb1 Rab8 17. Ka1 Nxd5 18. Nxd4 Nxc3 19. Nb3 Qxa2# 0-1

[Event "*** Titled Tuesday 3|2 Blitz"]
[Site "Chess.com"]
[Date "2015.08.04"]
[Round "5"]
[White "fancyknightmaneuvers"]
[Black "Ar4uha"]
[Result "0-1"]
[WhiteElo "2187"]
[BlackElo "2397"]
[TimeControl "180+2"]
[EndTime "12:33:51 PDT"]
[Termination "Ar4uha won by resignation"]

1. e4 d5 2. exd5 Nf6 3. d4 Nxd5 4. Nf3 g6 5. g3 Bg7 6. Bg2 O-O 7. O-O Nc6 8. c4 Nb6 9. d5 Na5 10. Nc3 Naxc4 11.
Nd4 e6 12. b3 Na5 13. Ba3 Re8 14. d6 cxd6 15. Ncb5 Bf8 16. Rc1 e5 17. Ne2 d5 18.
Bxf8 Rxf8 19. Nc7 Rb8 20. Nxd5 Nxd5 21. Qxd5 Qxd5 22. Bxd5 Bh3 23. Rfd1 Rfc8 24. f3 Kg7 25. Kf2 Rxc1 26. Rxc1 Rd8 27. Nc3 Bd7 28. b4 Nc6 29. b5 Nd4 30. a4 b6 31. Rd1 Rc8 32. Ne4 f5 33. Nd2 Rc5 34. Bc4 Kf6 35. Ke3 Be6 36.
Bxe6 Kxe6 37. f4 Rc3+ 38. Kf2 Rd3 39. fxe5 Nb3 40. Ke2 Rxd2+ 41. Rxd2 Nxd2 42. Kxd2 Kxe5 43. Ke3 g5 44. h3 h6 45. Kf3 f4 46. gxf4+ gxf4 47. h4 h5 48. Kf2 Ke4 49. Ke2 f3+ 50.
Kf2 Kf4 51. Kf1 Kg3 52. Kg1 Kxh4 53. Kf2 0-1

[Event "*** Titled Tuesday 3|2 Blitz"]
[Site "Chess.com"]
[Date "2015.08.04"]
[Round "5"]
[White "Konavets"]
[Black "Mr_Penings"]
[Result "1-0"]
[WhiteElo "2458"]
[BlackElo "2222"]
[TimeControl "180+2"]
[EndTime "12:33:52 PDT"]
[Termination "Konavets won by resignation"]

1. e4 c5 2. Nf3 e6 3. d4 cxd4 4.
Bg5 f6 5. Bh4 Qa5+ 6. c3 dxc3 7.
Nxc3 Nc6 8. Be2 Nge7 9. O-O Ng6 10. Bg3 Bc5 11. a3 Qd8 12. b4 Be7 13. Nb5 Nce5 14. Rc1 O-O 15. Nfd4 a6 16. Nc7 Ra7 17. b5 Bxa3 18.
b6 Ra8 19. Nxa8 Bxc1 20. Qxc1 Nc6 21. Nxc6 bxc6 22. Bd6 Rf7 23. Nc7 f5 24. Bxa6 Bxa6 25. Nxa6 Qxb6 26. Nc5 fxe4 27. Nxe4 Qd4 28. Re1 Nh4 29.
Bg3 Nf5 30. Ng5 Re7 31. Nf3 Qg4 32. Qc5 h6 33. h3 Qa4 34. Nh4 Rf7 35. Nxf5 Rxf5 36.
Qe7 Qd4 37. Rb1 Kh7 38. Rb7 Rd5 39. Kh2 c5 40. Rc7 c4 41. Qb4 Qd1 42. Qxc4 Qe1 43. Qc2+ g6 44. f3 Qf1 45. Qf2 Qb1 46. Qg1 Rd1 47.
Rxd7+ 1-0

[Event "*** Titled Tuesday 3|2 Blitz"]
[Site "Chess.com"]
[Date "2015.08.04"]
[Round "5"]
[White "Haykos"]
[Black "jefferyx"]
[Result "1/2-1/2"]
[WhiteElo "2184"]
[BlackElo "2409"]
[TimeControl "180+2"]
[EndTime "12:34:00 PDT"]
[Termination "Game drawn by agreement"]

1. e4 a6 2. Nc3 b5 3. a3 Bb7 4. g3 e6 5. Bg2 Bc5 6. Nge2 Ne7 7. O-O O-O 8. d4 Bb6 9. d5 exd5 10. exd5 d6 11.
Nd4 Nd7 12. Re1 h6 13. Be3 Nf6 14. Nc6 Bxc6 15. Bxb6 Nexd5 16. Nxd5 Bxd5 17. Bxd5 Nxd5 18. Qxd5 cxb6 19. Rad1 Qf6 20. c3 Rfd8 21. Qb7 Rdb8 22. Qc7 Re8 23. Qxb6 h5 24. Rxe8+ Rxe8 25. Qxd6 Qf3 26.
Qd4 h4 27. gxh4 Re6 28. Qd8+ Kh7 29. Qd3+ Rg6+ 30. Kf1 Qg4 31. Re1 f5 32. Re5 Rf6 1/2-1/2

[Event "*** Titled Tuesday 3|2 Blitz"]
[Site "Chess.com"]
[Date "2015.08.04"]
[Round "5"]
[White "FMCouch"]
[Black "eugeniusjr"]
[Result "1-0"]
[WhiteElo "2141"]
[BlackElo "1951"]
[TimeControl "180+2"]
[EndTime "12:34:00 PDT"]
[Termination "FMCouch won on time"]

1. e4 c5 2. Nf3 g6 3. c3 Bg7 4. d4 cxd4 5. cxd4 d5 6. e5 Bg4 7. Bb5+ Nd7 8. O-O e6 9. Nc3 Ne7 10. h3 Bxf3 11. Qxf3 Nf5 12. Be3 O-O 13. g4 Nxe3 14.
fxe3 f6 15. Nxd5 fxe5 16. Qg2 exd4 17. Nf4 Nc5 18. Rad1 Kh8 19. b4 e5 20. exd4 Qb6 21.
dxc5 Qxb5 22. Nd5 Rad8 23. Rxf8+ Bxf8 24. Qe4 Bg7 25. Kg2 Qa4 26. Nc3 Qe8 27. Rxd8 Qxd8 28.
Qd5 Qe7 29. Ne4 h6 30. Kg3 Kh7 31. h4 Qe8 32. g5 h5 33. Qxb7 1-0

[Event "*** Titled Tuesday 3|2 Blitz"]
[Site "Chess.com"]
[Date "2015.08.04"]
[Round "5"]
[White "kesarev"]
[Black "dabee"]
[Result "0-1"]
[WhiteElo "2194"]
[BlackElo "2448"]
[TimeControl "180+2"]
[EndTime "12:34:02 PDT"]
[Termination "dabee won by resignation"]

1. Nf3 d5 2. c4 c6 3. e3 Nf6 4. b3 e6 5. Bb2 Bd6 6. Qc2 Nbd7 7. g4 h6 8. h4 e5 9. Rg1 e4 10. Nd4 Ne5 11. g5 hxg5 12. hxg5 Nfg4 13. cxd5 c5 14. Qxe4 cxd4 15. exd4 Qe7 16. dxe5 Bxe5 17. d6 Bxd6 18. Bb5+ Kf8 19. Nc3 Bf5 20. Qxe7+ Bxe7 21. Nd5 Bxg5 22. Ne3 Nxe3 23. fxe3 f6 24. Ke2 Rh2+ 25. Kd1 Rd8 26. Kc1 Rdxd2 27. Ba3+ Kf7 28. Bc4+ Ke8 29.
Bb5+ Kd8 30. Rd1 Rxd1+ 31. Kxd1 Rh1+ 0-1

[Event "*** Titled Tuesday 3|2 Blitz"]
[Site "Chess.com"]
[Date "2015.08.04"]
[Round "5"]
[White "Keaton87"]
[Black "ViktoriaGloriam"]
[Result "1-0"]
[WhiteElo "2437"]
[BlackElo "2182"]
[TimeControl "180+2"]
[EndTime "12:34:07 PDT"]
[Termination "Keaton87 won by resignation"]

1. e4 d5 2. exd5 Nf6 3. Bb5+ Bd7 4. Be2 Nxd5 5. d4 c6 6. Nf3 g6 7. O-O Bg7 8. c4 Nb6 9. Nc3 O-O 10. Be3 Bg4 11.
b3 Na6 12. Qd2 Re8 13. Rac1 Nc7 14. Rfd1 a5 15. h3 Bxf3 16. Bxf3 Nd7 17. Ne4 a4 18. Qb4 axb3 19. axb3 Qc8 20. Ra1 Na6 21. Qd2 c5 22. Ra5 cxd4 23. Bxd4 Bxd4 24. Qxd4 Rd8 25. Rd5 Nab8 26. Nc5 e6 27. Rd6 e5 28. Qd5 Ra5 29. b4 Rxc5 30. bxc5 Kf8 31. Qxe5 Nc6 32. Qd5 Ncb8 33. Bg4 f5 34. Bf3 Re8 35. Rxd7 Nxd7 36. Qxd7 Re1+ 37. Kh2 1-0

[Event "*** Titled Tuesday 3|2 Blitz"]
[Site "Chess.com"]
[Date "2015.08.04"]
[Round "5"]
[White "Tobi-Wan-Kenobi"]
[Black "Colombiano07"]
[Result "1-0"]
[WhiteElo "2372"]
[BlackElo "1979"]
[TimeControl "180+2"]
[EndTime "12:34:19 PDT"]
[Termination "Tobi-Wan-Kenobi won by resignation"]

1. e4 d5 2. exd5 Qxd5 3. Nc3 Qa5 4. d4 Nf6 5. Bd2 c6 6. Bc4 Bf5 7. Qe2 e6 8. d5 cxd5 9. Nxd5 Qd8 10. Nxf6+ gxf6 11.
O-O-O Nd7 12. Bc3 Bh6+ 13. Kb1 O-O 14. g4 Bg6 15. Bb5 Rc8 16. Bxd7 Rxc3 17. bxc3 Qb6+ 18. Qb5 Qxf2 19. Qb3 Qg2 20. Nh3 Qxh3 21. Bb5 Rc8 22. Bd3 Bg7 23. Qxb7 Rxc3 24. Qb8+ Bf8 25. Bxg6 hxg6 26.
Rd8 Qh6 27. Rhd1 Rc4 28. Ka1 Rxg4 29. Rxf8+ 1-0

[Event "*** Titled Tuesday 3|2 Blitz"]
[Site "Chess.com"]
[Date "2015.08.04"]
[Round "5"]
[White "wonderfultime"]
[Black "Janosik"]
[Result "1-0"]
[WhiteElo "2647"]
[BlackElo "2507"]
[TimeControl "180+2"]
[EndTime "12:34:30 PDT"]
[Termination "wonderfultime won by resignation"]

1. d4 Nf6 2. c4 e6 3. Nf3 Bb4+ 4. Nbd2 b6 5. a3 Bxd2+ 6. Qxd2 Bb7 7. e3 a5 8. b3 d6 9. Bb2 Nbd7 10. Be2 O-O 11.
O-O Qe7 12. b4 axb4 13. axb4 Ne4 14. Qc2 f5 15. d5 Ng5 16. Nd4 Rxa1 17. Bxa1 exd5 18.
cxd5 Bxd5 19. Qxc7 f4 20. Bc4 Bxc4 21. Qxc4+ Kh8 22. exf4 Rxf4 23. Qc8+ Rf8 24. Qc1 h6 25. Re1 Qf7 26. Qe3 Ne5 27. f3 Qg6 28. Kh1 Nd3 29.
Rd1 Re8 30. Qd2 Ne6 31. Qxd3 Qxd3 32. Rxd3 Nxd4 33. Bxd4 1-0

[Event "*** Titled Tuesday 3|2 Blitz"]
[Site "Chess.com"]
[Date "2015.08.04"]
[Round "5"]
[White "michaelk123"]
[Black "bugsbunny444"]
[Result "0-1"]
[WhiteElo "2026"]
[BlackElo "2313"]
[TimeControl "180+2"]
[EndTime "12:34:33 PDT"]
[Termination "bugsbunny444 won by resignation"]

1. e4 e6 2. d4 d5 3. Nd2 Nf6 4. e5 Nfd7 5. Bd3 c5 6. c3 Nc6 7.
Ne2 cxd4 8. cxd4 f6 9. exf6 Nxf6 10. O-O Bd6 11. Nf3 O-O 12. Bf4 Bxf4 13. Nxf4 Qd6 14.
g3 Qb4 15. Rb1 Bd7 16. a3 Qb6 17. Qd2 Rae8 18. Rfe1 Re7 19. Bc2 g5 20. Nd3 Ne4 21. Qe3 Rxf3 22. Qxf3 Nxd4 23. Qe3 Nxc2 24. Qxb6 axb6 25.
Rec1 Nd2 26. Rxc2 Nxb1 27. Ne5 Ba4 28. b3 Bc6 29. Nxc6 bxc6 30. a4 c5 31. Rb2 Nc3 0-1

[Event "*** Titled Tuesday 3|2 Blitz"]
[Site "Chess.com"]
[Date "2015.08.04"]
[Round "5"]
[White "mortalbovine"]
[Black "stepanosinovsky"]
[Result "0-1"]
[WhiteElo "1736"]
[BlackElo "2260"]
[TimeControl "180+2"]
[EndTime "12:34:35 PDT"]
[Termination "stepanosinovsky won by resignation"]

1. e4 b6 2. d4 Bb7 3. Bd3 e6 4. Nf3 Ne7 5. Bg5 d5 6. exd5 Qxd5 7. Bxe7 Bxe7 8. Nc3 Qh5 9. Qe2 Nc6 10. O-O-O O-O-O 11. Be4 Bf6 12. Bxc6 Bxc6 13. Qe3 Bxf3 14. gxf3 Rd7 15.
Qe4 Kb8 16. Qc6 Rhd8 17. Nb5 Qd5 18. Qxd5 Rxd5 19. c4 Rf5 20. Rd3 a6 21. Nc3 Rxd4 22.
Rhd1 Rxc4 23. Kb1 Bxc3 24. bxc3 Rcf4 25. Rd8+ Kb7 26. R1d7 Rxf3 27. Re7 Rxc3 28. Rdd7 Rxf2 29. Rxf7 Rxh2 30. Rxg7 a5 31. Rde7 a4 32. Rxe6 a3 33. Re1 Rb2+ 34. Ka1 h5 35. Rxc7+ Rxc7 36. Re7 Rxa2+ 37.
Kxa2 Rxe7 0-1

[Event "*** Titled Tuesday 3|2 Blitz"]
[Site "Chess.com"]
[Date "2015.08.04"]
[Round "5"]
[White "DeviatkinAndrey"]
[Black "Tesla37"]
[Result "0-1"]
[WhiteElo "2537"]
[BlackElo "2532"]
[TimeControl "180+2"]
[EndTime "12:34:45 PDT"]
[Termination "Tesla37 won by checkmate"]

1. e4 d6 2. d4 Nf6 3. Bd3 e5 4. c3 Nc6 5. Ne2 g6 6. O-O Bg7 7. Nd2 O-O 8. dxe5 dxe5 9. Qc2 Qe7 10. Nc4 Nd7 11. b4 a5 12. b5 Nd8 13. Ba3 Nc5 14. b6 c6 15. Rfd1 Nde6 16. Ng3 Rd8 17.
Bf1 Bd7 18. Nd6 Be8 19. Nxe8 Qxe8 20. Bc4 Bf8 21. Rab1 Nf4 22. Ne2 Nh5 23. Rxd8 Rxd8 24. Ng3 Nf6 25. f3 h5 26. Re1 h4 27. Nf1 Nd3 28.
Bxd3 Bxa3 29. Bc4 Bc5+ 30. Kh1 Qd7 31. Qb3 Kg7 32. a4 Nh5 33. Be2 Nf4 34. Rd1 Qe7 35.
Rxd8 Qxd8 36. Qd1 Qxb6 37. g3 hxg3 38. hxg3 Nxe2 39. Qxe2 Qb3 40. f4 Qxa4 41. fxe5 Qb3 42. Kg2 Qe6 43. Qb2 Qxe5 44. Qxb7 Qxe4+ 45. Kh3 Qh1+ 46. Nh2 Bg1 47. Kg4 Qxh2 48. Qxc6 Qh5+ 49. Kf4 Qf5# 0-1

[Event "*** Titled Tuesday 3|2 Blitz"]
[Site "Chess.com"]
[Date "2015.08.04"]
[Round "5"]
[White "Prolta"]
[Black "Sunil"]
[Result "0-1"]
[WhiteElo "1705"]
[BlackElo "1912"]
[TimeControl "180+2"]
[EndTime "12:34:46 PDT"]
[Termination "Sunil won by resignation"]

1. Nf3 g6 2. d4 Bg7 3. Bf4 d6 4. e3 c5 5. c3 cxd4 6. cxd4 Nf6 7. Be2 O-O 8. O-O Nh5 9. Bg3 Nxg3 10. hxg3 Nc6 11.
Nc3 Bg4 12. a3 a6 13. Rc1 Rc8 14. b4 Bd7 15. Qb3 Qb6 16. Nd5 Qd8 17. Nc3 Qb6 18.
Nd5 Qd8 19. Nc3 Na7 20. Nd2 b5 21. Bf3 e6 22. Bb7 Rb8 23. Bf3 d5 24. Ne2 Qb6 25. Rc5 Rfc8 26. Rfc1 Bf8 27. Rxc8 Rxc8 28. Rxc8 Nxc8 29. Qc3 Nd6 30. Nb3 Nc4 31. Nc5 Bc8 32. Nc1 a5 33. N1d3 axb4 34. axb4 Qa7 35. Kh2 Bd6 36.
Nb2 Qa1 37. Nd1 Qb1 38. Be2 Kg7 39. Bf3 h5 40. Be2 h4 41. Kh3 hxg3 42. fxg3 Qa2 43. Kh2 Qxe2 0-1

[Event "*** Titled Tuesday 3|2 Blitz"]
[Site "Chess.com"]
[Date "2015.08.04"]
[Round "5"]
[White "Keranke"]
[Black "WarlordX"]
[Result "1-0"]
[WhiteElo "2533"]
[BlackElo "2200"]
[TimeControl "180+2"]
[EndTime "12:34:49 PDT"]
[Termination "Keranke won by checkmate"]

1. d4 Nf6 2. c4 e6 3. g3 Bb4+ 4. Nd2 O-O 5. Bg2 d6 6. Nf3 c5 7.
O-O Nc6 8. Nb3 Na5 9. Be3 Nxb3 10.
Qxb3 Qe7 11. Rfd1 Rb8 12. Bf4 Nh5 13. Bg5 Qc7 14. a3 Ba5 15. dxc5 dxc5 16. Qa4 h6 17.
Be3 Bb6 18. b4 Qe7 19. Rac1 Nf6 20. Bf4 Bd7 21. Qb3 Rbc8 22. Bd6 Qe8 23. Ne5 Ba4 24.
Qb2 Bxd1 25. Rxd1 Qa4 26. Rd3 Rfd8 27. Bxb7 Qe8 28. b5 Bc7 29. Bc6 Nd7 30. Bxc7 Rxc7 31. Qd2 Qe7 32. Nxd7 Kh8 33. a4 e5 34. Rd5 f6 35. a5 Qe6 36. Nxc5 Rxd5 37. Qxd5 Qg4 38. Qd8+ Kh7 39. Qxc7 Qxe2 40. Be4+ Kg8 41. Qc8+ Kf7 42. Qe6+ Kf8 43. Nd7# 1-0

[Event "*** Titled Tuesday 3|2 Blitz"]
[Site "Chess.com"]
[Date "2015.08.04"]
[Round "5"]
[White "josiwales"]
[Black "ChadaevNikolay"]
[Result "0-1"]
[WhiteElo "2060"]
[BlackElo "2598"]
[TimeControl "180+2"]
[EndTime "12:34:50 PDT"]
[Termination "ChadaevNikolay won by checkmate"]

1. e4 c5 2. Nc3 g6 3. g3 Bg7 4.
Bg2 d6 5. d3 Nc6 6. Be3 e6 7.
Qd2 Nd4 8. Nd1 Ne7 9. c3 Ndc6 10. Bh6 Bxh6 11. Qxh6 e5 12. Ne2 Be6 13. Ne3 Qd7 14. Nd5 O-O-O 15. O-O-O Kb8 16. f4 Rc8 17. Rhf1 f5 18.
fxe5 Nxe5 19. Nef4 Bxd5 20. exd5 Rcg8 21. Rfe1 Nf7 22. Qh4 g5 23. Qh5 Ne5 24. Ne6 f4 25. Nxc5 Qb5 26. Nb3 Nf5 27. c4 Qa4 28. gxf4 Qxa2 29.
fxe5 Qxb3 30. exd6 Nd4 31. Rd2 Qa2 32. Rde2 Qa1+ 33.
Kd2 Qxb2+ 34. Ke3 Qb6 35. Kd2 Qb2+ 36. Ke3 Nxe2 37. Rxe2 Qe5+ 38. Kf2 Rf8+ 39. Ke1 Qxd6 40. Re6 Qb4+ 41. Ke2 Qb2+ 42. Ke3 Qf2+ 43. Ke4 Qf4# 0-1

[Event "*** Titled Tuesday 3|2 Blitz"]
[Site "Chess.com"]
[Date "2015.08.04"]
[Round "5"]
[White "stefanodinn"]
[Black "ajkom197"]
[Result "1/2-1/2"]
[WhiteElo "2145"]
[BlackElo "2256"]
[TimeControl "180+2"]
[EndTime "12:34:58 PDT"]
[Termination "Game drawn by repetition"]

1. e4 c6 2. d4 d5 3. Nd2 dxe4 4. Nxe4 Nd7 5. Nf3 Ngf6 6. Nxf6+ Nxf6 7. Bc4 Bf5 8. c3 e6 9. Bg5 Be7 10. h3 h6 11. Bh4 O-O 12. O-O Nd5 13. Bg3 Bd6 14. Bxd6 Qxd6 15. Ne5 Ne7 16. Qf3 Ng6 17. Rfe1 c5 18. g4 cxd4 19. Nxf7 Rxf7 20. gxf5 Ne5 21. Qe2 Nxc4 22. Qxc4 Rxf5 23. Rxe6 Qd5 24. Qxd5 Rxd5 25. cxd4 Rxd4 26. Re7 Rc8 27. Rxb7 Rc2 28. Re1 Rdd2 29. Ree7 Rxf2 30. Rxg7+ Kf8 31. Rgc7 Rg2+ 32. Kf1 Rgf2+ 33.
Ke1 Rfe2+ 34. Kf1 Rf2+ 35. Ke1 Rfe2+ 36. Kf1 Rf2+ 1/2-1/2

[Event "*** Titled Tuesday 3|2 Blitz"]
[Site "Chess.com"]
[Date "2015.08.04"]
[Round "5"]
[White "Fh2411"]
[Black "NMJeevanK"]
[Result "1-0"]
[WhiteElo "2180"]
[BlackElo "2049"]
[TimeControl "180+2"]
[EndTime "12:35:09 PDT"]
[Termination "Fh2411 won by checkmate"]

1. d4 d5 2. c4 c6 3. cxd5 cxd5 4. Nc3 Nc6 5. Bf4 e6 6. e3 Nf6 7. Nf3 a6 8. Rc1 Bd6 9. Bg5 h6 10. Bh4 Qb6 11. Bxf6 gxf6 12. Qd2 Bd7 13. Bd3 Rg8 14. O-O f5 15. Na4 Qd8 16. Nc5 Rb8 17. a3 Qf6 18. b4 f4 19. Nxd7 Kxd7 20. b5 axb5 21. Bxb5 Qg6 22.
g3 Qe4 23. Qe2 Ke7 24. Bd3 fxg3 25. Bxe4 dxe4 26. Nd2 gxh2+ 27. Kh1 f5 28. f4 Rg3 29.
Nc4 Rbg8 30. Qxh2 R3g4 31. Rg1 h5 32. Qxh5 R4g7 33. Rxg7+ Rxg7 34. Rg1 Rxg1+ 35. Kxg1 Bxf4 36. exf4 Nxd4 37. Qh7+ Ke8 38. Ne5 Ne2+ 39. Kf2 Nxf4 40. Qf7+ Kd8 41. Qd7# 1-0

[Event "*** Titled Tuesday 3|2 Blitz"]
[Site "Chess.com"]
[Date "2015.08.04"]
[Round "5"]
[White "talaicito"]
[Black "Just-Live-Simply"]
[Result "1-0"]
[WhiteElo "2066"]
[BlackElo "2005"]
[TimeControl "180+2"]
[EndTime "12:35:11 PDT"]
[Termination "talaicito won on time"]

1. e4 e6 2. d4 d5 3. e5 c5 4. c3 Qb6 5. Nf3 Nc6 6. Bd3 Bd7 7. O-O cxd4 8. cxd4 Nxd4 9. Nbd2 Nxf3+ 10. Nxf3 Ne7 11.
Be3 Qd8 12. b4 Ng6 13. Qd2 Be7 14. g3 O-O 15. h4 Re8 16. h5 Nf8 17. Rfc1 a6 18.
a4 Rc8 19. b5 Rxc1+ 20. Rxc1 axb5 21. axb5 Qa8 22. h6 g6 23. Bg5 Qa3 24. Bxe7 Qxe7 25. Rc7 b6 26. Qc3 Ra8 27. Qd4 Ra3 28. Be2 Qd8 29.
Qxb6 Rc3 30. Rb7 Qxb6 31. Rxb6 Rc7 32. Rb8 Rc1+ 33. Kg2 Rb1 34. b6 Bc6 35. Nd4 Ba4 36.
b7 1-0

[Event "*** Titled Tuesday 3|2 Blitz"]
[Site "Chess.com"]
[Date "2015.08.04"]
[Round "5"]
[White "goldaxe"]
[Black "MFBerna"]
[Result "1-0"]
[WhiteElo "2167"]
[BlackElo "2042"]
[TimeControl "180+2"]
[EndTime "12:35:15 PDT"]
[Termination "goldaxe won on time"]

1. e4 c5 2. Nf3 d6 3. d4 cxd4 4. Nxd4 Nf6 5. Nc3 e6 6. Be3 Be7 7.
f3 O-O 8. Qd2 Nc6 9. O-O-O a6 10. g4 Bd7 11. g5 Ne8 12. h4 b5 13. Nxc6 Bxc6 14. h5 b4 15. Ne2 Rc8 16. Nd4 Bb7 17.
g6 Qd7 18. Bh3 Nc7 19. h6 fxg6 20. hxg7 Kxg7 21. Bh6+ Kg8 22. Bxf8 Rxf8 23. Qh6 Rf7 24. Rdg1 Bf8 25. Qg5 Bg7 26. Rd1 d5 27. Qg4 Re7 28. Rhe1 dxe4 29. Nb3 Qc8 30. fxe4 Nb5 31. Rd3 Qc7 32.
Red1 Be5 33. Rd8+ Kg7 34. Qf3 Rf7 35. Qd3 Bf4+ 36. Kb1 a5 37. Bxe6 Re7 38. Rd7 Rxd7 39. Qxd7+ Kf6 40. Qxb5 Kxe6 41. Nc5+ 1-0

[Event "*** Titled Tuesday 3|2 Blitz"]
[Site "Chess.com"]
[Date "2015.08.04"]
[Round "5"]
[White "geeeeri"]
[Black "armago"]
[Result "1-0"]
[WhiteElo "2201"]
[BlackElo "2053"]
[TimeControl "180+2"]
[EndTime "12:35:21 PDT"]
[Termination "geeeeri won by resignation"]

1. e4 c5 2. Nf3 Nc6 3. d4 cxd4 4. Nxd4 Nf6 5. Nc3 e5 6. Ndb5 d6 7. Bg5 a6 8. Na3 b5 9. Nd5 Be7 10. Bxf6 Bxf6 11. c4 b4 12. Nc2 O-O 13. Qd3 a5 14. g3 Bg5 15. h4 Bh6 16. Bg2 Be6 17. O-O Kh8 18. Nce3 Nd4 19. Nf5 Bxd5 20. Nxd4 Be6 21.
Nf5 Bxf5 22. exf5 Rb8 23. Rad1 Qf6 24. Qxd6 Qxf5 25. Rfe1 Qc2 26. c5 f5 27. c6 e4 28.
Bf1 Rbc8 29. Bb5 g6 30. h5 Rfd8 31. Qxd8+ Rxd8 32. Rxd8+ Kg7 33. c7 e3 34. fxe3 Qe4 35.
Kf2 Qc2+ 36. Re2 Bxe3+ 37. Kxe3 Qc5+ 38. Kf3 g5 39. c8=Q g4+ 40. Kg2 1-0

[Event "*** Titled Tuesday 3|2 Blitz"]
[Site "Chess.com"]
[Date "2015.08.04"]
[Round "5"]
[White "petrpalachev"]
[Black "BIG_Pirate"]
[Result "0-1"]
[WhiteElo "2345"]
[BlackElo "2267"]
[TimeControl "180+2"]
[EndTime "12:35:22 PDT"]
[Termination "BIG_Pirate won by resignation"]

1. d4 d5 2. c4 c6 3. Nc3 Nf6 4. e3 e6 5. Nf3 Nbd7 6. Qc2 Bd6 7. Bd3 dxc4 8. Bxc4 b5 9. Bd3 Bb7 10. O-O O-O 11. a3 Rc8 12. b4 a6 13. Rd1 Qe7 14. e4 e5 15. dxe5 Nxe5 16. Nd4 g6 17. Bg5 c5 18. bxc5 Bxc5 19. Nb3 Nxd3 20. Qxd3 Bxf2+ 21. Kh1 Qe5 22. Bxf6 Qxf6 23. Ne2 Qh4 24. Nd2 Bb6 25.
Ng3 Rcd8 26. Qe2 Bc7 27. Nf3 Qh6 28. Nf1 Rfe8 29. Rxd8 Rxd8 30. Qc2 Rd7 31. Re1 Ba5 32. Re3 Qf4 33. Re2 Rc7 34. Qd1 Rc1 35. Qd3 Rxf1+ 36. Ng1 Bb6 37. Re3 Bxe3 38. Qd8+ Kg7 0-1

[Event "*** Titled Tuesday 3|2 Blitz"]
[Site "Chess.com"]
[Date "2015.08.04"]
[Round "5"]
[White "lexiel"]
[Black "Beca95"]
[Result "0-1"]
[WhiteElo "2293"]
[BlackElo "2570"]
[TimeControl "180+2"]
[EndTime "12:35:28 PDT"]
[Termination "Beca95 won by resignation"]

1. d4 Nf6 2. Nc3 d6 3. e4 e5 4. dxe5 dxe5 5. Qxd8+ Kxd8 6. f3 Be6 7. Be3 Nbd7 8.
Nge2 c6 9. Nc1 Bc5 10. Kf2 Bxe3+ 11.
Kxe3 Kc7 12. Be2 g6 13. Rd1 h5 14. a4 a5 15. Nb3 h4 16. Rd2 Rhd8 17. Rad1 Bxb3 18.
cxb3 Nb6 19. f4 exf4+ 20. Kxf4 Rxd2 21. Rxd2 Nfd7 22. Kg5 Nc5 23. Bd1 Re8 24. Bc2 Rh8 25. Rf2 Rh7 26. Ne2 Nbd7 27. Nd4 Ne5 28. h3 Kd6 29. Rd2 Ke7 30. Kf4 f6 31. Nf3 Ncd7 32. Bd1 Nxf3 33. gxf3 Ne5 34. Be2 g5+ 35. Ke3 Ng6 36.
f4 gxf4+ 37. Kf3 Rh5 38. Kf2 Rg5 39. Bg4 Ne5 40. Bf5 Rg3 41. b4 axb4 42. Rd4 Re3 43. a5 Rb3 44. Rd2 Rxb2 45. Rxb2 Nd3+ 46. Kf3 Nxb2 47. Kxf4 Nc4 48. e5 fxe5+ 49. Kg4 Kf6 50. Bb1 b3 51. Kxh4 b2 0-1